 Dungeon Crawl Stone Soup version 0.17-a0-1176-g3d5a0d0 (webtiles) character file.

6765 esc the Covert (level 10, -2/53 HPs)
             Began as a Spriggan Enchanter on May 30, 2015.
             Was an Initiate of Gozag.
             Slain by a six-headed hydra (16 damage)
             ... on level 2 of the Lair of Beasts.
             The game lasted 00:39:49 (11864 turns).

esc the Covert (Spriggan Enchanter)                Turns: 11864, Time: 00:39:49

Health: -2/53      AC:  5    Str:  4    XL:     10   Next: 75%
Magic:  13/21      EV: 25    Int: 21    God:    Gozag
Gold:   1145       SH:  0    Dex: 16    Spells: 5 memorised, 11 levels left

rFire  . . .     SeeInvis +     K - +3 dagger (speed)
rCold  . . .     Clarity  .     b - +2 robe
rNeg   . . .     SustAt   .     (shield restricted)
rPois  .         Gourm    .     (helmet restricted)
rElec  .         Spirit   .     O - +0 cloak
rCorr  .         Warding  .     (gloves unavailable)
rMut   +         Stasis   .     (boots unavailable)
MR     ++...                    o - amulet of resist mutation {rMut, !d}
Stlth  ++++++....               a - ring of wizardry {Wiz+, !d}
                                f - ring of protection from magic {MR+, !d}

@: very quick, very resistant to hostile enchantments, very stealthy
A: unfitting armour, see invisible, herbivore 3, speed 3, slow metabolism 2
a: Potion Petition, Call Merchant, Bribe Branch, Renounce Religion


You were on level 2 of the Lair of Beasts.
You worshipped Gozag.
Gozag was noncommittal.
You were not hungry.

You visited 2 branches of the dungeon, and saw 11 of its levels.
You also visited: Ossuary.

You collected 2048 gold pieces.
You spent 189 gold pieces at shops.
You paid 714 gold pieces to Gozag.

Inventory:

Hand weapons
 B - the +10 war axe "Kaorgh" {chop, rPois}
   (You found it on level 7 of the Dungeon)

   It inflicts extra damage upon your enemies.
   It protects you from poison.
 K - a +3 dagger of speed (weapon)
   (You bought it in a shop on level 8 of the Dungeon)
 L - a +1 blowgun of evasion
   (You bought it in a shop on level 8 of the Dungeon)
Missiles
 l - 9 needles of confusion
 G - 39 poisoned needles
Armour
 b - a +2 robe (worn)
 y - a +1 buckler of protection
   (You acquired it on level 6 of the Dungeon)
 O - a +0 cloak (worn)
   (You found it on level 9 of the Dungeon)
Jewellery
 a - a ring of wizardry (right hand) {Wiz+, !d}
   (You found it on level 1 of the Lair of Beasts)
 f - a ring of protection from magic (left hand) {MR+, !d}
   (You found it on level 5 of the Dungeon)
 o - an amulet of resist mutation (around neck) {rMut, !d}
   (You found it on level 1 of the Dungeon)
 z - an uncursed ring of wizardry {Wiz+, !d}
   (You found it on level 7 of the Dungeon)
 N - a +3 ring of intelligence
   (You found it on level 9 of the Dungeon)
 P - an uncursed amulet of guardian spirit {Spirit}
   (You found it on level 1 of the Lair of Beasts)
Magical devices
 A - a wand of fireball (12)
   (You found it on level 3 of the Dungeon)
 I - a wand of random effects (27)
   (You found it on level 6 of the Dungeon)
 Q - a wand of cold (11)
   (You found it on level 2 of the Lair of Beasts)
 R - a wand of magic darts (12)
   (You found it on level 2 of the Lair of Beasts)
Scrolls
 e - a scroll of enchant armour
 g - 2 scrolls of amnesia
 k - 2 scrolls of fear
 p - 2 scrolls of fog
 q - 2 scrolls of enchant weapon
 u - 3 scrolls of teleportation
 C - 3 scrolls of remove curse
 D - a scroll of blinking {!r}
 H - a scroll of recharging
Potions
 h - 5 potions of curing
 i - 2 potions of flight {unknown}
 j - a potion of cure mutation {!q}
 m - 2 potions of brilliance
 n - a potion of haste {unknown}
 r - a potion of mutation {unknown}
 s - 3 potions of heal wounds {unknown}
 t - 2 potions of magic
 v - 2 potions of agility
 w - 3 potions of lignification {unknown}
 x - 4 potions of might {unknown}
 E - 2 potions of invisibility
 F - a potion of degeneration {unknown}
 J - 3 potions of ambrosia {!q}
Books
 c - a book of Maledictions
Comestibles
 d - 11 bread rations {@e1}
 M - 10 slices of pizza


   Skills:
 + Level 6.4 Fighting
 - Level 7.4 Short Blades
 + Level 9.7 Dodging
 + Level 12.1 Stealth
 - Level 7.1 Spellcasting
 - Level 5.2 Hexes
 - Level 4.1 Ice Magic
 + Level 1.1 Evocations


You had 11 spell levels left.
You knew the following spells:

 Your Spells              Type           Power        Failure   Level  Hunger
a - Ensorcelled Hibernat  Hex/Ice        ####..       1%          2    None
b - Tukima's Dance        Hex            ####....     1%          3    #......
c - Confuse               Hex            ####....     1%          3    #......
d - Dazzling Spray        Conj/Hex       ###.....     4%          3    #......
v - Corona                Hex            ####...      1%          1    None


Dungeon Overview and Level Annotations

Branches:
Dungeon (9/15)               Lair (2/8) D:9
 Temple: D:4-7          Orc: D:9-12

Altars:
Ashenzari
Cheibriados
Dithmenos
Gozag
Okawaru
Xom
The Shining One

Shops:
D:6 *   D:7 =   D:8 (   D:9 =


Innate Abilities, Weirdness & Mutations

You are tiny and cannot use many weapons and most armour.
You have supernaturally acute eyesight.
You are a herbivore.
You cover ground extremely quickly.
You need consume almost no food.


Message History

The water moccasin hisses angrily.
The crocodile barely misses you.
You now have 18/21 mp.
Aim: a crocodile (chance to defeat MR: 56%)
The crocodile resists with significant effort.
The crocodile bites you but does no damage.
You now have 16/21 mp.
Aim: a crocodile (chance to defeat MR: 56%)
The crocodile looks drowsy...
You now have 14/21 mp.
The helpless crocodile fails to defend itself.
You perforate the crocodile like a sieve!!!!
You kill the crocodile!
Your Evocations skill increases to level 1!
You start resting.
You regained 10 hp, and now have 47/53 hp.
MP restored: 21
Aim: a water moccasin (hasn't noticed you, chance to defeat MR: 56%)
The water moccasin resists with significant effort.
The water moccasin completely misses you.
You now have 19/21 mp.
Aim: a water moccasin (chance to defeat MR: 56%)
The water moccasin resists with significant effort.
The water moccasin misses you. x2
You now have 17/21 mp.
You barely miss the water moccasin.
You hit the water moccasin but do no damage.
The water moccasin completely misses you.
You hit the water moccasin. You hit the water moccasin.
The water moccasin closely misses you.
You hit the water moccasin. You completely miss the water moccasin.
The water moccasin misses you.
You barely miss the water moccasin. You hit the water moccasin.
The water moccasin misses you.
You barely miss the water moccasin.
The water moccasin completely misses you.
You hit the water moccasin. You hit the water moccasin.
The water moccasin bites you.
You are poisoned.
The water moccasin poisons you!
You take 4 damage, and have 45/53 hp.
Aim: a water moccasin (severely wounded, chance to defeat MR: 56%)
The water moccasin resists with significant effort.
You feel sick. The water moccasin misses you.
You take 2 damage, and have 43/53 hp.
You now have 16/21 mp.
Aim: a water moccasin (severely wounded, chance to defeat MR: 56%)
The water moccasin looks drowsy...
You feel sick.
You take 1 damage, and have 42/53 hp.
You now have 14/21 mp.
The helpless water moccasin fails to defend itself.
You skewer the water moccasin like a kebab!!!!
You kill the water moccasin!
No target in view!
You now have 1108 gold pieces (gained 7).
You feel sick.
You start resting.
You feel sick.
You feel sick. x11
You are no longer poisoned.
You take 7 damage, and have 35/53 hp.
You regained 5 mp, and now have 19/21 mp.
You now have 1124 gold pieces (gained 16).
You open the door.
There is an open door here.
You open the door.
There is an open door here.
You now have 1145 gold pieces (gained 21).
There is an open door here.
You open the door.
A six-headed hydra comes into view.
The six-headed hydra roars!
You regained 9 hp, and now have 44/53 hp.
MP restored: 21
Aim: a six-headed hydra The fireball explodes!
The fireball engulfs the six-headed hydra.
Evoking this partially-identified wand wasted a few charges.
Aim: a six-headed hydra (lightly wounded, chance to defeat MR: 23%)
The six-headed hydra resists with almost no effort.
You now have 19/21 mp.
Aim: a six-headed hydra (lightly wounded, chance to defeat MR: 23%)
The six-headed hydra resists with almost no effort.
The six-headed hydra completely misses you.
The six-headed hydra barely misses you. x3
The six-headed hydra completely misses you. x2
You now have 17/21 mp.
Aim: a six-headed hydra (lightly wounded, chance to defeat MR: 23%)
The six-headed hydra resists with almost no effort.
The six-headed hydra misses you. The six-headed hydra bites you!
The six-headed hydra bites you but does no damage.
The six-headed hydra misses you. The six-headed hydra bites you.
The six-headed hydra barely misses you.
You take 19 damage, and have 26/53 hp.
MASSIVE DAMAGE!!
You now have 15/21 mp.
Aim: a six-headed hydra (lightly wounded, chance to defeat MR: 23%)
The six-headed hydra resists with almost no effort.
The six-headed hydra bites you!
* * * LOW HITPOINT WARNING * * *
The six-headed hydra bites you!
You die...
Your body crumbles into a pile of gold.

P.###..+...........+........##P##
.## ####...........####.###(####
## ####+####.P## ##.##..## ##
#......## #####..# .# #####.P#
#####.## .##########P#.P'##
###P#PP+### ......#P.........#
..........## ......##.........#
...........## ......##........@#
#..........##
.................D.##...........#
.................#...............
......#P.........##.#............
......##.........#P..............
..#..#.####.#.#####.............#
..###### ##..#.# #.P...........#
.## ##..## #...........# .#
#.#..#####.#...#######


You could see a six-headed hydra.

Vanquished Creatures
  A black mamba (Lair:1)
  A cyclops (D:9)
  A spiny frog (Lair:1)
  A fire drake (Lair:2)
  Prince Ribbit (D:8)
  A hippogriff (Lair:1)
  2 deep elf fighters (D:9)
  3 basilisks
  2 hungry ghosts (D:9)
  A wyvern (D:8)
  A yak (D:9)
  3 wolves (Lair:1)
  A steam dragon (Lair:2)
  A soldier ant (D:9)
  7 water moccasins
  A porcupine (Lair:1)
  An orc warrior (D:9)
  2 ogres
  3 crocodiles
  An elf zombie (Ossuary)
  7 giant frogs
  A scorpion (D:5)
  5 killer bees (D:9)
  A vampire bat (Lair:2)
  4 crimson imps
  2 centaur zombies
  3 orc priests
  2 human zombies (Ossuary)
  2 hounds
  A jelly (D:5)
  3 orc wizards
  7 worker ants
  2 iguanas
  4 sheep (Lair:1)
  A killer bee zombie (D:9)
  2 big kobold zombies (Ossuary)
  2 hound zombies
  3 mummies (Ossuary)
  8 river rats (Lair:2)
  3 gnolls (D:5)
  5 adders
  A shadow imp (D:9)
  An ooze (D:1)
  5 adder zombies
  2 worms
  4 giant geckos
  19 orcs
  24 bats
  A bat zombie (D:5)
  12 goblins
  12 hobgoblins
  9 jackals
  6 kobolds
  A ball python (D:2)
  4 giant cockroaches
  A giant cockroach zombie (D:5)
  6 giant newts
  2 gnoll zombies (Ossuary)
  2 goblin zombies (Ossuary)
  2 hobgoblin zombies (Ossuary)
  4 jackal zombies (Ossuary)
  3 kobold zombies (Ossuary)
  3 orc zombies (Ossuary)
  A quokka (D:9)
  5 quokka zombies (Ossuary)
  21 rats
  5 rat zombies (Ossuary)
259 creatures vanquished.

Vanquished Creatures (others)
  A goblin (D:2)
  2 fungi
3 creatures vanquished.

Grand Total: 262 creatures vanquished

Notes
Turn   | Place    | Note
--------------------------------------------------------------
     0 | D:1      | esc the Spriggan Enchanter began the quest for the Orb.
     0 | D:1      | Reached XP level 1. HP: 9/9 MP: 5/5
   157 | D:1      | Reached skill level 5 in Stealth
   157 | D:1      | Reached XP level 2. HP: 10/13 MP: 6/6
   162 | D:1      | Reached skill level 4 in Hexes
  1114 | D:2      | Found a snail-covered altar of Cheibriados.
  1120 | D:2      | Reached XP level 3. HP: 14/16 MP: 8/8
  1261 | D:2      | Learned a level 2 spell: Ensorcelled Hibernation
  1271 | D:2      | Found an opulent altar of Gozag.
  1288 | D:2      | Reached skill level 6 in Stealth
  1295 | D:2      | Became a worshipper of Gozag Ym Sagoz the Greedy
  1949 | D:2      | Reached XP level 4. HP: 21/21 MP: 9/9
  2350 | D:2      | Reached skill level 1 in Fighting
  2806 | D:3      | Found a shattered altar of Ashenzari.
  3478 | D:4      | Reached skill level 3 in Spellcasting
  3478 | D:4      | Reached skill level 5 in Hexes
  3478 | D:4      | Reached XP level 5. HP: 10/25 MP: 3/10
  3494 | D:4      | HP: 6/25 [poisoned by a worker ant]
  3771 | D:4      | Noticed a phantom
  3858 | D:5      | Entered Level 5 of the Dungeon
  3966 | D:5      | Reached skill level 7 in Stealth
  4037 | D:5      | Reached skill level 1 in Ice Magic
  4077 | D:5      | Reached XP level 6. HP: 28/30 MP: 4/11
  4108 | D:5      | Reached skill level 2 in Ice Magic
  4283 | D:5      | Reached skill level 3 in Ice Magic
  4857 | D:5      | Noticed a water moccasin
  4863 | D:5      | Killed a water moccasin
  4863 | D:5      | Reached skill level 4 in Ice Magic
  4863 | D:5      | Reached XP level 7. HP: 28/34 MP: 9/12
  4976 | D:5      | Reached skill level 2 in Fighting
  5288 | D:5      | Noticed an ogre
  5288 | D:5      | Noticed an ice beast
  5311 | D:5      | Killed an ogre
  5311 | D:5      | Reached skill level 3 in Fighting
  5726 | D:6      | Found Nomixola's Assorted Antiques.
  6158 | D:6      | Found an iron altar of Okawaru.
  6250 | D:6      | Bought a scroll labeled FENLAL TONO for 27 gold pieces
  6250 | D:6      | Bought a scroll labeled BUTINY BOCOW for 27 gold pieces
  6329 | D:7      | Noticed a troll
  6418 | D:7      | Reached skill level 4 in Dodging
  6455 | D:7      | Reached skill level 8 in Stealth
  6455 | D:7      | Reached XP level 8. HP: 34/41 MP: 5/13
  6542 | D:7      | Found a sand-covered staircase.
  6580 | D:7      | Got an ancient war axe
  6583 | Ossuary  | Entered an ossuary
  6584 | Ossuary  | Identified the +10 war axe "Kaorgh" {chop, rPois} (You found it on level 7 of the Dungeon)
  7123 | Ossuary  | Learned a level 3 spell: Confuse
  7127 | Ossuary  | Learned a level 3 spell: Tukima's Dance
  7131 | Ossuary  | Learned a level 3 spell: Dazzling Spray
  7193 | Ossuary  | Reached skill level 4 in Fighting
  7207 | Ossuary  | HP: 10/42 [human zombie (4)]
  7228 | Ossuary  | Reached skill level 5 in Dodging
  7235 | Ossuary  | HP: 8/42 [elf zombie (6)]
  7316 | Ossuary  | HP: 7/42 [elf zombie (7)]
  7931 | D:7      | Found Mevyreka's Jewellery Boutique.
  8159 | D:8      | Reached skill level 9 in Stealth
  8170 | D:8      | Noticed Prince Ribbit
  8316 | D:8      | Killed Prince Ribbit
  8316 | D:8      | Reached skill level 6 in Dodging
  8609 | D:8      | Reached skill level 7 in Dodging
  8615 | D:8      | Found a shadowy altar of Dithmenos.
  8620 | D:8      | Reached skill level 5 in Fighting
  8771 | D:8      | Found Gimurr's Antique Weapon Boutique.
  8786 | D:8      | Reached skill level 10 in Stealth
  8850 | D:8      | Bought a glowing dagger for 60 gold pieces
  8850 | D:8      | Bought a glowing blowgun for 75 gold pieces
  9026 | D:9      | Reached XP level 9. HP: 47/47 MP: 11/14
  9353 | D:9      | Reached skill level 8 in Dodging
  9368 | D:9      | Found Japhi Tohedu's Jewellery Shoppe.
  9494 | D:9      | Found a staircase to the Lair.
  9546 | D:9      | Reached skill level 11 in Stealth
  9769 | D:9      | Reached skill level 6 in Fighting
  9769 | D:9      | Reached skill level 9 in Dodging
  9872 | D:9      | Noticed a cyclops
 10108 | D:9      | Found a glowing golden altar of the Shining One.
 10109 | D:9      | Found a shimmering altar of Xom.
 10176 | D:9      | Killed a cyclops
 10176 | D:9      | Reached skill level 12 in Stealth
 10230 | Lair:1   | Entered Level 1 of the Lair of Beasts
 10261 | Lair:1   | Noticed a spiny frog
 10272 | Lair:1   | Reached skill level 2 in Short Blades
 10282 | Lair:1   | Killed a spiny frog
 10282 | Lair:1   | Reached skill level 3 in Short Blades
 10293 | Lair:1   | Reached skill level 4 in Short Blades
 10293 | Lair:1   | Reached XP level 10. HP: 53/53 MP: 6/15
 10398 | Lair:1   | Reached skill level 4 in Spellcasting
 10415 | Lair:1   | Reached skill level 5 in Short Blades
 10822 | Lair:1   | Reached skill level 5 in Spellcasting
 11024 | Lair:1   | Reached skill level 6 in Short Blades
 11059 | Lair:1   | Noticed a black mamba
 11064 | Lair:1   | Killed a black mamba
 11064 | Lair:1   | Reached skill level 6 in Spellcasting
 11240 | Lair:1   | You fall through a shaft!
 11398 | Lair:2   | Reached skill level 7 in Short Blades
 11440 | Lair:2   | Reached skill level 7 in Spellcasting
 11657 | Lair:2   | Reached skill level 1 in Evocations
 11859 | Lair:2   | Noticed a six-headed hydra
 11864 | Lair:2   | Slain by a six-headed hydra

Vault maps used:
D:1:      lightli_arrival_statue_moat
D:2:      grunt_gozag_statues, lemuel_crystal_altar, lemuel_flame_loot_1
D:3:      evilmike_ruin_ashenzari
D:4:      minmay_door_path
D:5:      temple_hall, first_bread
D:6:      okawaru_altar_gauntlet_db, serial_shops, shop, serial_aquarium,
          aquarium_bridge_square, aquarium_bridge_long_separate,
          aquarium_window_1, aquarium_window_corner, aquarium_window_fake,
          aquarium_view_2c
D:7:      nicolae_ossuary_entry_false_entrances, serial_shops, shop
D:8:      nicolae_dithmenos_the_darkroom, uniq_prince_ribbit1
D:9:      minitemple, grunt_lair_entry_elf_guard_hut, serial_shops,
          nicolae_shop_crystal, grunt_pizzeria
Lair:2:   roderic_batcave
Ossuary:  minmay_ossuary_two_tombs

Action                   |  1- 3 |  4- 6 |  7- 9 | 10-12 || total
-------------------------+-------+-------+-------+-------++-------
Melee: Dagger            |   107 |   128 |   494 |   105 ||   834
 Cast: Ensorcelled Hiber |     3 |    28 |    63 |    25 ||   119
       Corona            |       |       |    11 |       ||    11
       Dazzling Spray    |       |       |    13 |     5 ||    18
       Tukima's Dance    |       |       |     1 |       ||     1
Invok: Call Merchant     |       |       |     1 |       ||     1
Evoke: Wand              |       |       |       |     1 ||     1
  Use: Scroll            |       |       |    21 |     2 ||    23
 Stab: Sleeping          |    16 |    32 |    58 |    33 ||   139
       Distracted        |     3 |       |     2 |       ||     5
       Invisible         |       |       |     2 |     2 ||     4
  Eat: Fruit             |       |     3 |       |     4 ||     7
       Royal jelly       |       |       |     2 |       ||     2
       Bread ration      |       |       |     1 |       ||     1

Vault maps used:
D:1:      lightli_arrival_statue_moat
D:2:      grunt_gozag_statues, lemuel_crystal_altar, lemuel_flame_loot_1
D:3:      evilmike_ruin_ashenzari
D:4:      minmay_door_path
D:5:      temple_hall, first_bread
D:6:      okawaru_altar_gauntlet_db, serial_shops, shop, serial_aquarium,
          aquarium_bridge_square, aquarium_bridge_long_separate,
          aquarium_window_1, aquarium_window_corner, aquarium_window_fake,
          aquarium_view_2c
D:7:      nicolae_ossuary_entry_false_entrances, serial_shops, shop
D:8:      nicolae_dithmenos_the_darkroom, uniq_prince_ribbit1
D:9:      minitemple, grunt_lair_entry_elf_guard_hut, serial_shops,
          nicolae_shop_crystal, grunt_pizzeria
Lair:2:   roderic_batcave
Ossuary:  minmay_ossuary_two_tombs

Table legend:
 A = Turns spent in this place as a percentage of turns spent in the entire game.
 B = Non-inter-level travel turns spent in this place as a percentage of non-inter-level travel turns spent in the entire game.
 C = Inter-level travel turns spent in this place as a percentage of turns spent in this place.
 D = Turns resting spent in this place as a percentage of non-inter-level travel turns spent in this place.
 E = Turns spent auto-exploring this place as a percentage of non-inter-level travel turns spent in this place.
 F = Non-inter-level travel turns spent in this place divided by the number of levels of this place that you've seen.
                   A       B       C       D       E      F
               +-------+-------+-------+-------+-------+----------------------
         Total | 100.0 | 100.0 |   0.3 |   3.7 |   6.5 | 295.5
       Dungeon |  73.5 |  73.4 |   0.3 |   3.6 |   7.3 | 289.3
          Lair |  10.9 |  11.0 |   0.0 |   5.4 |   6.9 | 194.5
       Ossuary |  15.6 |  15.6 |   0.0 |   2.9 |   2.5 | 553.0
               +-------+-------+-------+-------+-------+----------------------

Table legend:
 A = Kills in this place as a percentage of kills in entire the game.
 B = Kills by you in this place as a percentage of kills by you in the entire game.
 C = Kills by friends in this place as a percentage of kills by friends in the entire game.
 D = Other kills in this place as a percentage of other kills in the entire game.
 E = Experience gained in this place as a percentage of experience gained in the entire game.
 F = Experience gained in this place divided by the number of levels of this place that you have seen.
                   A       B       C       D       E      F
               +-------+-------+-------+-------+-------+----------------------
         Total | 100.0 | 100.0 |  -nan |  -nan | 100.0 | 805.4
       Dungeon |  66.8 |  66.8 |  -nan |  -nan |  46.7 | 501.0
          Lair |  17.8 |  17.8 |  -nan |  -nan |  49.2 | 2376.5
       Ossuary |  15.4 |  15.4 |  -nan |  -nan |   4.2 | 403.0
               +-------+-------+-------+-------+-------+----------------------
